 Dungeon Crawl Stone Soup version 0.28.0-53-g5a82cb258f (webtiles) character file.

Game seed: 5756521807802184554

91 oldmanjim the Stinger (level 4, -5/33 HPs)
             Began as a Merfolk Venom Mage on Aug 6, 2022.
             Killed from afar by Ijyb (12 damage)
             ... with an iceblast
             ... on level 3 of the Dungeon on Aug 8, 2022.
             The game lasted 00:27:49 (3871 turns).

oldmanjim the Stinger (Merfolk Venom Mage)          Turns: 3871, Time: 00:27:49

Health: -5/33      AC:  2    Str:  8    XL:     4   Next: 59%
Magic:  3/8        EV: 13    Int: 16    God:
Gold:   78         SH:  0    Dex: 14    Spells: 6/9 levels left

rFire   . . .      SeeInvis .   b - staff of poison
rCold   . . .      Faith    .   (no shield)
rNeg    . . .      Spirit   .   d - +0 robe
rPois   +          Reflect  .   (no helmet)
rElec   .          Harm     .   (no cloak)
rCorr   .          Rampage  .   (no gloves)
Will    .....                   (no boots)
Stlth   ++........              (no amulet)
HPRegen 0.11/turn               (no ring)
MPRegen 0.11/turn               (no ring)

@: no status effects
A: (nimble swimmer 2), mertail
a: no special abilities


You were on level 3 of the Dungeon.
You visited 1 branch of the dungeon, and saw 3 of its levels.

You collected 78 gold pieces.

Inventory:

Hand Weapons
 a - a +0 trident
Missiles
 g - 31 arrows
 j - 44 stones
 m - 11 sling bullets
 o - 5 curare-tipped darts
Armour
 d - a +0 robe (worn)
Magical Staves
 b - a staff of poison (weapon)
Scrolls
 f - a scroll of enchant weapon {unknown}
 i - a scroll of identify {unknown}
 k - a scroll of teleportation {unknown}
 q - a scroll of noise {unknown}
Potions
 c - a potion of ambrosia {unknown}
 e - a potion of curing {unknown}
 h - 2 potions of flight {unknown}
 l - a potion of attraction {unknown}
 n - a potion of might {unknown}
 p - a potion of brilliance {unknown}


   Skills:
 + Level 1.7 Fighting
 - Level 3.0 Dodging
 - Level 2.1 Stealth
 - Level 3.0 Spellcasting
 - Level 2.0 Transmutations
 - Level 1.0 Air Magic
 + Level 3.8 Poison Magic


You had 6 spell levels left.
You knew the following spells:

 Your Spells              Type           Power      Damage    Failure   Level
a - Sting                 Tmut/Pois      68%        1d6       5%          1
b - Poisonous Vapours     Pois/Air       30%        N/A       11%         2

Your spell library contained the following spells:

 Spells                   Type           Power      Damage    Failure   Level
 Mephitic Cloud           Conj/Pois/Air  11%        N/A       28%         3
 Olgreb's Toxic Radiance  Pois           22%        N/A       36%         4


Dungeon Overview and Level Annotations

Branches:
Dungeon (3/15)

Altars:

Annotations:
D:3 Ijyb


Innate Abilities, Weirdness & Mutations

((You are very nimble when in or above water. (Stealth+, EV+, Speed+++)))
Your lower body shifts to a powerful aquatic tail in water.


Message History

Poisonous vapours surround the ball python!
The ball python is poisoned.
The ball python hisses angrily.
Casting: Poisonous Vapours (safe; 11% risk of failure)
Confirm with . or Enter, or press ? or * to list all spells.
Aiming: Poisonous Vapours (safe; 11% risk of failure)
Press: ? - help, Dir - move target, f/p - ball python
Aim: a ball python (moderately wounded, poisoned)
You feel a surge of power!
Poisonous vapours surround the ball python!
The ball python looks even sicker.
You kill the ball python!
g - 31 arrows (gained 8) Ijyb the Twisted Goblin comes into view.
She is wielding a +0 dagger and carrying a wand of iceblast (11).
Casting: Poisonous Vapours (safe; 11% risk of failure)
Confirm with . or Enter, or press ? or * to list all spells.
Aiming: Poisonous Vapours (safe; 11% risk of failure)
Press: ? - help, Dir - move target, f - Ijyb
Aim: Ijyb, wielding a +0 dagger, wearing a +0 leather armour and carrying a wand of iceblast (11) (asleep)
You feel a surge of power!
Poisonous vapours surround Ijyb!
Ijyb is poisoned.
Casting: Poisonous Vapours (safe; 11% risk of failure)
Confirm with . or Enter, or press ? or * to list all spells.
Aiming: Poisonous Vapours (safe; 11% risk of failure)
Press: ? - help, Dir - move target, f/p - Ijyb
Aim: Ijyb, wielding a +0 dagger, wearing a +0 leather armour and carrying a wand of iceblast (11) (lightly wounded, poisoned)
You feel a surge of power!
Poisonous vapours surround Ijyb!
Ijyb looks even sicker.
Casting: Poisonous Vapours (safe; 11% risk of failure)
Confirm with . or Enter, or press ? or * to list all spells.
Aiming: Poisonous Vapours (safe; 11% risk of failure)
Press: ? - help, Dir - move target, f/p - Ijyb
Aim: Ijyb, wielding a +0 dagger, wearing a +0 leather armour and carrying a wand of iceblast (11) (lightly wounded, very poisoned)
You feel a surge of power!
Poisonous vapours surround Ijyb!
Ijyb looks even sicker.
Ijyb screams, "Me kill you!"
Ijyb zaps a wand.
The mass of ice explodes!
The iceblast engulfs you!
Ijyb zaps a wand.
The mass of ice explodes!
The iceblast engulfs you!
* * * LOW HITPOINT WARNING * * *
Ijyb zaps a wand.
The mass of ice explodes!
The iceblast engulfs you!
You die...

####g####.###
#............
#g########### #.#
#.# #.# #.# #.#
################@#
....>............#
##################


You could see Ijyb (poisoned).

Vanquished Creatures
  Jessica (D:2)
  An adder (D:2)
  4 worms
  A dart slug (D:1)
  4 bats
  4 endoplasms
  A giant cockroach (D:2)
  6 goblins
  3 hobgoblins
  4 jackals (D:2)
  3 ball pythons
  6 frilled lizards
  2 kobolds (D:2)
  4 rats
44 creatures vanquished.

Notes
Turn   | Place    | Note
-------+----------+-------------------------------------------
     0 | D:1      | oldmanjim the Merfolk Venom Mage began the quest for the
                  | Orb.
     0 | D:1      | Reached XP level 1. HP: 13/13 MP: 3/3
   411 | D:1      | Found a faded altar of an unknown god.
   465 | D:1      | Reached XP level 2. HP: 19/19 MP: 1/5
   468 | D:1      | Learned a level 2 spell: Poisonous Vapours
  1665 | D:2      | Reached XP level 3. HP: 12/24 MP: 0/7
  2164 | D:2      | Reached skill level 1 in Air Magic
  3179 | D:2      | Noticed Jessica
  3190 | D:2      | Killed Jessica
  3191 | D:2      | Reached skill level 1 in Fighting
  3191 | D:2      | Reached XP level 4. HP: 16/32 MP: 3/8
  3856 | D:3      | Noticed Ijyb
  3871 | D:3      | Killed from afar by Ijyb

Illustrated notes

Levels and vault maps discovered:
D:1:      erik_arrival_orb_chamber, layout_basic,
          dreamdust_ecumenical_altar_angels_and_demons,
          nicolae_concentric_dashed_squares_mild
D:2:      layout_loops_corners, amcnicky_mini_rare_corridor_liquid,
          chequers_serial_rivers_marsh, kennysheep_generic_room_9, uniq_jessica
D:3:      layout_loops_ring, uniq_ijyb, uniq_terence

Skill      XL: |  1  2  3 |
---------------+----------+-----
Dodging        | 3 |  3.0
Transmutations | 2 |  2.0
Air Magic      | 1 |  1.0
Spellcasting   | 3 |  3.0
Fighting       | 1 |  1.7
Stealth        | |  2.1
Poison Magic   | |  3.8

Action                   |  1- 3 |  4- 6 || total
-------------------------+-------+-------++-------
Melee: Spear             |    24 |     4 ||    28
       Punch             |     1 |     1 ||     2
       Staff             |       |     2 ||     2
 Cast: Sting             |    39 |    10 ||    49
       Poisonous Vapours |    29 |     7 ||    36
 Stab: Sleeping          |     1 |       ||     1
Armor: Robe              |     2 |       ||     2
Dodge: Dodged            |    12 |     2 ||    14
